 Dungeon Crawl Stone Soup version 0.28.0-53-g5a82cb258f (webtiles) character file.

Game seed: 15739884854914788009

65682 Peloso the Fencer (level 14, 0/130 HPs)
             Began as a Minotaur Fighter on July 3, 2022.
             Was the Champion of Okawaru.
             Slain by a frost giant
             ... wielding the +9 battleaxe of the Wraith {freeze, rF+++ Int-2}
              (9 damage)
             ... on level 14 of the Dungeon.
             The game lasted 00:50:49 (22253 turns).

Peloso the Fencer (Minotaur Fighter)               Turns: 22253, Time: 00:50:49

Health: 0/130      AC: 26    Str: 22    XL:     14   Next: 76%
Magic:  15/15      EV:  9    Int:  5    God:    Okawaru [******]
Gold:   1901       SH: 19    Dex: 14    Spells: 13/13 levels left

rFire   + . .      SeeInvis .   b - +5 double sword (protect)
rCold   . . .      Faith    .   c - +0 tower shield
rNeg    . . .      Spirit   .   q - +2 chain mail {Will+}
rPois   .          Reflect  .   d - +2 hat
rElec   .          Harm     .   F - +2 cloak
rCorr   +          Rampage  .   f - +0 pair of gloves
Will    ++...                   r - +2 pair of boots
Stlth   ..........              G - amulet of regeneration
HPRegen 1.11/turn               (no ring)
MPRegen 0.14/turn               L - ring of resist corrosion

@: no status effects
A: horns 2, retaliatory headbutt, deterioration 1, fire resistance 1, wild magic
1
a: Renounce Religion, Heroism, Finesse, Duel


You were on level 14 of the Dungeon.
You worshipped Okawaru.
Okawaru was exalted by your worship.
You visited 4 branches of the dungeon, and saw 20 of its levels.
You also visited: Volcano.

You collected 1972 gold pieces.
You spent 71 gold pieces at shops.

Inventory:

Hand Weapons
 a - a +4 scimitar of flaming
 b - a +5 double sword of protection (weapon)
Armour
 c - a +0 tower shield (worn)
 d - a +2 hat (worn)
 f - a +0 pair of gloves (worn)
 i - a +0 chain mail
 q - a +2 chain mail of willpower (worn)
 r - a +2 pair of boots (worn)
 F - a +2 cloak (worn)
Jewellery
 n - a ring of magical power
 C - a ring of ice
 G - an amulet of regeneration (around neck)
 L - a ring of resist corrosion (right hand)
Scrolls
 g - 6 scrolls of fog
 h - a scroll of enchant weapon
 k - 5 scrolls of noise
 m - a scroll of silence
 o - 2 scrolls of acquirement
 s - 3 scrolls of identify
 t - a scroll of teleportation
 A - 2 scrolls of immolation
 M - a scroll of blinking
 N - a scroll of fear
 W - a scroll of magic mapping
Potions
 e - 3 potions of invisibility
 j - a potion of might
 l - 6 potions of flight
 p - 6 potions of heal wounds
 u - 2 potions of curing
 D - 2 potions of resistance


   Skills:
 + Level 13.9 Fighting
 + Level 16.9 Long Blades
 + Level 15.3 Armour
 + Level 7.1 Dodging
 + Level 3.1 Stealth
 + Level 15.0 Shields
 + Level 3.7 Invocations
 + Level 1.1 Evocations


You had 13 spell levels left.
You didn't know any spells.
Your spell library contained the following spells:

 Spells                   Type           Power      Damage    Failure   Level
 Magic Dart               Conj           0%         1d3       100%        1
 Corpse Rot               Necr/Air       0%         N/A       100%        2
 Ensorcelled Hibernation  Hex/Ice        0%         N/A       100%        2
 Poisonous Vapours        Pois/Air       0%         N/A       100%        2
 Searing Ray              Conj           0%         2d4       100%        2
 Sublimation of Blood     Necr           0%         N/A       100%        2
 Wereblood                Tmut           0%         N/A       100%        2
 Dazzling Flash           Conj/Hex       0%         N/A       100%        3
 Spider Form              Tmut/Pois      0%         N/A       100%        3
 Anguish                  Hex/Necr       0%         N/A       100%        4
 Fulminant Prism          Conj/Hex       0%         3d6       100%        4
 Petrify                  Tmut/Erth      0%         N/A       100%        4
 Agony                    Necr           0%         N/A       100%        5
 Irradiate                Conj/Tmut      0%         3d13      100%        5
 Silence                  Hex/Air        0%         N/A       100%        5
 Chain Lightning          Conj/Air       0%         N/A       100%        9
 Fire Storm               Conj/Fire      0%         5d1       100%        9
 Shatter                  Erth           0%         3d5*      100%        9
 Summon Hydra             Summ           Unusable   N/A       N/A         7

Dungeon Overview and Level Annotations

Branches:
Dungeon (14/15)            Temple (1/1) D:7            Lair (3/6) D:9
 Shoals (0/4) Lair:2        Snake (0/4) Lair:3          Orc (2/2) D:12
    Elf (0/3) Orc:2        Vaults (0/5) D:14        Volcano (visited)

Altars:
Ashenzari
Cheibriados
Dithmenos
Okawaru
Ru
Sif Muna
Trog
Wu Jian
Yredelemnul
The Shining One
Beogh

Shops:
D:1 (   D:2 ??*   D:6 (   Orc:2 *[:(

Annotations:
D:3 3 runed translucent doors, salieru's ghost, amateur NaWz
D:8 2 transporters, Infinimo's ghost, novice TeCj
D:10 3 runed translucent doors, ciphuk's ghost, novice TrMo
D:12 1 runed translucent door
Lair:3 Casa


Innate Abilities, Weirdness & Mutations

You have a pair of horns on your head.
You reflexively headbutt those who attack you in melee.
Your body sometimes deteriorates upon taking damage.
Your flesh is heat resistant. (rF+)
Your spells are a little harder to cast, but a little more powerful.


Message History

Really walk into that cloud of freezing vapour? [Y]es or [N]o only, please.
Really walk into that cloud of freezing vapour?
Okay, then.
You now have 1870 gold pieces (gained 11).
You now have 1890 gold pieces (gained 20).
n - a ring of magical power You now have 1901 gold pieces (gained 11).
A troll comes into view.
The troll shouts!
The troll barely misses you. You block the troll's attack. x2
You hit the troll.
Your weapon exudes an aura of protection.
The troll is lightly wounded.
You block the troll's attack. The troll claws you but does no damage.
You block the troll's attack.
You slash the troll!
The troll is heavily wounded.
You block the troll's attack. x2; The troll claws you but does no damage.
You slice the troll!! Your headbutt misses the troll.
The troll is almost dead.
You block the troll's attack. The troll claws you but does no damage.
You block the troll's attack.
You hit the troll.
You kill the troll!
Okawaru accepts your kill.
Your Shields skill increases to level 15!
A frost giant is nearby!
A frost giant is nearby!
The frost giant points at you and mumbles some strange words.
The bolt of cold hits you!!!
The frost giant gestures at you while chanting.
The bolt of cold hits you!!!
The frost giant hits you with the +9 battleaxe of the Wraith {freeze, rF+++ Int-2}.
The frost giant freezes you.
You barely miss the frost giant.
The frost giant hits you with the +9 battleaxe of the Wraith {freeze, rF+++ Int-2}!!
* * * LOW HITPOINT WARNING * * *
The frost giant freezes you!
You die...

#.......# # ##.......# # ### ..
##........ . # #.###.. ##........
#. ####..# #... ##.......######
#. .....# ###.###........##...#
#ยง .....# #............###..!.#
#.
.....###...................#####.
.....<##......).@.....[......##..
.........#.....C.................
.................................
.................................
..............................>..
..............)..................
...............................##
.##............<................#
###..........................##.#


You could see a frost giant.

Vanquished Creatures
  Gastronok (D:8)
  Kirke (D:12)
  An orc warlord (Orc:2)
  Azrael (D:13)
  Josephine (D:11)
  A fire dragon (Volcano)
  2 hydras (Lair:2)
  3 boulder beetles (D:13)
  2 centaur warriors
  A catoblepas (Lair:2)
  3 two-headed ogres
  2 dancing weapons (D:14)
  A death knight (D:11)
  2 tengu warriors
  3 orc high priests (Orc:2)
  Sonja (D:11)
  Urug (D:11)
  A skeletal warrior (D:11)
  A phantasmal warrior (D:11)
  4 lindwurms (Volcano)
  3 orc knights
  A lindwurm (shapeshifter) (D:13)
  A deep elf pyromancer (D:12)
  5 orc sorcerers (Orc:2)
  2 ugly things (D:13)
  2 cyclopes (D:11)
  A black mamba (Lair:3)
  Maurice (D:8)
  9 manticores
  4 cane toads
  2 smoke demons (Volcano)
  5 gargoyles (D:7)
  A komodo dragon (shapeshifter) (D:13)
  4 freezing wraiths
  A kobold demonologist (D:13)
  Psyche (D:7)
  5 komodo dragons
  A yaktaur (shapeshifter) (D:13)
  A rime drake (D:13)
  A tengu conjurer (D:14)
  A queen bee (D:13)
  13 trolls
  A polar bear (Lair:1)
  Grinder (D:3)
  5 meliai (D:13)
  A wind drake (Lair:2)
  A blink frog (Lair:3)
  A wolf spider simulacrum (D:14)
  11 slime creatures
  A meliai zombie (D:11)
  A spriggan (Lair:2)
  6 wraiths
  A vampire (D:10)
  2 wyverns
  A centaur simulacrum (D:14)
  Grum (D:10)
  2 humans (D:12)
  5 basilisks
  4 fire elementals (D:13)
  4 hogs (D:11)
  30 yaks
  4 vampire mosquitoes (D:13)
  A harpy simulacrum (D:14)
  9 steam dragons (Volcano)
  5 wargs
  A naga (Lair:3)
  2 acid dragons
  14 water moccasins
  3 hell hounds
  21 orc warriors
  4 ice beasts
  4 black bears
  2 necrophages
  6 ogres
  5 centaurs
  10 wolves
  13 bullfrogs
  A gnoll sergeant (D:10)
  2 scorpions
  31 killer bees
  2 electric eels
  5 howler monkeys
  3 wights (D:9)
  5 centaur zombies
  A bullfrog zombie (D:5)
  2 centaur skeletons
  A hound (D:6)
  A bullfrog skeleton (D:6)
  A jelly (D:2)
  11 orc priests
  2 gnoll shamans (D:8)
  3 iguanas
  A scorpion zombie (D:5)
  Terence (D:3)
  Natasha (thrice) (D:2)
  10 orc wizards
  2 howler monkey zombies
  9 gnolls
  16 adders
  2 white imps
  2 ufetubi
  An adder skeleton (D:2)
  An adder zombie (D:5)
  54 orcs
  8 ball pythons
  10 endoplasms
  3 giant cockroaches
  6 goblins
  6 hobgoblins
  8 jackals
  5 kobolds
  6 quokkas
  6 bats
  3 frilled lizards
  A rat (D:3)
516 creatures vanquished.

Vanquished Creatures (others)
  A deep elf pyromancer (D:14)
  A meliai (D:14)
  2 bushes (Lair:3)
  64 fungi
  69 plants
137 creatures vanquished.

Grand Total: 653 creatures vanquished

Notes
Turn   | Place    | Note
-------+----------+-------------------------------------------
     0 | D:1      | Peloso the Minotaur Fighter began the quest for the Orb.
     0 | D:1      | Reached XP level 1. HP: 19/19 MP: 0/0
   196 | D:1      | Reached XP level 2. HP: 27/27 MP: 1/1
   461 | D:1      | Found Qytamax's Antique Weapon Shop.
   861 | D:2      | Reached XP level 3. HP: 29/33 MP: 2/2
   954 | D:2      | Reached skill level 3 in Long Blades
  1201 | D:2      | Noticed Natasha
  1206 | D:2      | Killed Natasha
  1207 | D:2      | Reached XP level 4. HP: 23/40 MP: 3/3
  1237 | D:2      | Noticed Natasha
  1244 | D:2      | Killed Natasha
  1245 | D:2      | Reached skill level 5 in Armour
  1446 | D:2      | Found Ges Peaz's Magic Scroll Shop.
  1453 | D:2      | Bought a scroll of identify for 26 gold pieces
  1526 | D:2      | Noticed Natasha
  1540 | D:2      | Killed Natasha
  1547 | D:2      | Bought a scroll of magic mapping for 45 gold pieces
  1639 | D:2      | Reached XP level 5. HP: 42/46 MP: 4/4
  1727 | D:2      | Reached skill level 1 in Dodging
  1880 | D:2      | Found a faded altar of an unknown god.
  1937 | D:2      | Found Xamiwn's General Store.
  2023 | D:2      | Found Boty's Magic Scroll Shop.
  2175 | D:3      | Reached skill level 4 in Long Blades
  2234 | D:3      | Noticed Terence
  2251 | D:3      | Killed Terence
  2279 | D:3      | Noticed Grinder
  2295 | D:3      | Killed Grinder
  2296 | D:3      | Reached skill level 5 in Long Blades
  2296 | D:3      | Reached skill level 5 in Shields
  2296 | D:3      | Reached XP level 6. HP: 50/55 MP: 5/5
  2833 | D:3      | Reached skill level 5 in Fighting
  2837 | D:3      | Found a runed translucent gate.
  2837 | D:3      | Found a runed translucent gate.
  2838 | D:3      | Found a runed translucent gate.
  2930 | D:3      | Found a bloodstained altar of Trog.
  2949 | D:3      | Reached XP level 7. HP: 56/60 MP: 6/6
  3095 | D:3      | Noticed salieru's ghost (amateur NaWz)
  3096 | D:3      | Identified the +5 hand axe of Eye-covered Tenacity {flame,
                  | rF+ rC+ rN+}
  3096 | D:3      | Identified the +1 leather armour "Juod" {Harm rC+ Int+3
                  | Stlth+}
  3548 | D:4      | Found a broken altar of Ashenzari.
  3699 | D:4      | Reached skill level 6 in Long Blades
  3983 | D:4      | Found a glowing golden altar of the Shining One.
  3983 | D:4      | Found an iron altar of Okawaru.
  3996 | D:4      | Became a worshipper of Warmaster Okawaru
  4080 | D:5      | Entered Level 5 of the Dungeon
  4729 | D:4      | Reached skill level 7 in Long Blades
  5135 | D:5      | Reached XP level 8. HP: 70/70 MP: 7/7
  5502 | D:6      | Reached * piety under Okawaru
  5585 | D:6      | Reached skill level 8 in Long Blades
  5736 | D:6      | Found Fevvueda's Weapon Shop.
  5774 | D:6      | Reached skill level 1 in Stealth
  5877 | D:6      | Reached skill level 9 in Long Blades
  5970 | D:6      | Reached ** piety under Okawaru
  5971 | D:6      | Reached XP level 9. HP: 57/78 MP: 8/8
  6582 | D:7      | Found a staircase to the Ecumenical Temple.
  6825 | D:7      | Identified the +0 ring mail of the Lobster {Rampage +Inv
                  | rElec}
  7391 | D:7      | Noticed a gargoyle
  7403 | D:7      | Killed a gargoyle
  7556 | D:7      | Noticed a gargoyle
  7562 | D:7      | Killed a gargoyle
  7563 | D:7      | Reached skill level 10 in Long Blades
  7663 | D:7      | Noticed a gargoyle
  7673 | D:7      | Killed a gargoyle
  7673 | D:7      | Reached *** piety under Okawaru
  7856 | D:7      | Noticed a gargoyle
  7867 | D:7      | Killed a gargoyle
  7983 | D:7      | Noticed a gargoyle
  7991 | D:7      | Killed a gargoyle
  7992 | D:7      | Reached XP level 10. HP: 70/88 MP: 6/9
  8217 | D:8      | Found a transporter.
  8221 | D:8      | Noticed Infinimo's ghost (novice TeCj)
  8226 | D:8      | Noticed Maurice
  8238 | D:8      | Killed Maurice
  8239 | D:8      | Reached skill level 11 in Long Blades
  8248 | D:8      | Reached **** piety under Okawaru
  8273 | D:8      | Noticed Psyche
  8353 | Temple   | Entered the Ecumenical Temple
  8602 | D:7      | Killed Psyche
  8603 | D:7      | Reached skill level 10 in Armour
  9080 | D:8      | Found a transporter.
  9238 | D:8      | Noticed a manticore
  9330 | D:8      | Killed a manticore
  9343 | D:8      | Noticed Gastronok
  9397 | D:8      | Killed Gastronok
  9398 | D:8      | Reached skill level 12 in Long Blades
  9398 | D:8      | Reached skill level 1 in Invocations
  9422 | D:8      | Found a sacrificial altar of Ru.
  9993 | D:9      | Reached XP level 11. HP: 46/95 MP: 11/11
 10290 | D:9      | Found a staircase to the Lair.
 10356 | D:9      | Found a snail-covered altar of Cheibriados.
 10848 | D:10     | Entered Level 10 of the Dungeon
 10978 | D:10     | Reached ***** piety under Okawaru
 10998 | D:10     | Found a runed translucent gate.
 11003 | D:10     | Found a runed translucent gate.
 11004 | D:10     | Found a runed translucent gate.
 11006 | D:10     | Noticed ciphuk's ghost (novice TrMo)
 11090 | D:10     | Reached skill level 13 in Long Blades
 11195 | D:10     | Noticed a tengu warrior
 11227 | D:10     | Killed a tengu warrior
 12173 | D:11     | Noticed Josephine
 12192 | D:11     | Killed Josephine
 12192 | D:11     | Received a gift from Okawaru
 12248 | D:11     | Reached skill level 10 in Fighting
 12257 | D:11     | Reached skill level 14 in Long Blades
 12318 | D:11     | Noticed a death knight
 12318 | D:11     | Noticed a skeletal warrior
 12319 | D:11     | Noticed a phantasmal warrior
 12327 | D:11     | Killed a phantasmal warrior
 12342 | D:11     | Killed a death knight
 12346 | D:11     | Identified 2 scrolls of acquirement
 12349 | D:11     | Reached XP level 12. HP: 52/107 MP: 13/13
 12600 | D:11     | Found a sacrificial altar of Ru.
 12672 | D:11     | Noticed Urug
 12672 | D:11     | Noticed a two-headed ogre
 12699 | D:11     | Killed Urug
 12704 | D:11     | Killed a two-headed ogre
 12722 | D:11     | Noticed Sonja
 12736 | D:11     | Noticed Grum
 12738 | D:11     | Killed Sonja
 12738 | D:11     | Reached ****** piety under Okawaru
 12746 | D:11     | Reached skill level 10 in Shields
 12959 | D:10     | Killed Grum
 12959 | D:10     | Received a gift from Okawaru
 13602 | Lair:1   | Entered Level 1 of the Lair of Beasts
 13891 | Lair:1   | Reached skill level 15 in Long Blades
 13910 | Lair:1   | Reached skill level 1 in Evocations
 14693 | Lair:2   | Noticed a four-headed hydra
 14879 | D:12     | Noticed Kirke
 14929 | D:12     | Killed Kirke
 14929 | D:12     | Received a gift from Okawaru
 14930 | D:12     | Reached skill level 5 in Dodging
 15032 | D:12     | Noticed a two-headed ogre
 15040 | D:12     | Killed a two-headed ogre
 15041 | D:12     | Reached XP level 13. HP: 110/117 MP: 11/14
 15268 | D:12     | Noticed a fire giant
 15268 | D:12     | Noticed a fire giant
 15269 | D:12     | Found a runed translucent door.
 15271 | D:12     | Noticed a vampire knight
 15271 | D:12     | Noticed a sphinx
 15271 | D:12     | Noticed a shadow dragon
 15271 | D:12     | Noticed an ettin
 15381 | D:12     | Received a gift from Okawaru
 15806 | D:12     | Found a staircase to the Orcish Mines.
 15903 | Orc:1    | Entered Level 1 of the Orcish Mines
 16231 | Orc:2    | Entered Level 2 of the Orcish Mines
 16247 | Orc:2    | Received a gift from Okawaru
 16268 | Orc:2    | Paralysed by an orc sorcerer for 7 turns
 16307 | Orc:2    | Found a dark tunnel.
 16346 | Volcano  | Entered a volcano
 16600 | Volcano  | Noticed a fire dragon
 16629 | Volcano  | Killed a fire dragon
 16629 | Volcano  | Identified the +1 demon blade "Tatiach" {drain, Will+}
                  | (Okawaru gifted it to you in a volcano)
 16629 | Volcano  | Received a gift from Okawaru
 17233 | Orc:2    | Noticed an orc warlord
 17267 | Orc:2    | Killed an orc warlord
 17391 | Orc:2    | Gained mutation: You sometimes lose the ability to read
                  | scrolls when taking damage. [a neqoxec]
 17395 | Orc:2    | Reached skill level 16 in Long Blades
 17400 | Orc:2    | Lost mutation: You sometimes lose the ability to read
                  | scrolls when taking damage. [potion of mutation]
 17400 | Orc:2    | Gained mutation: Your body sometimes deteriorates upon
                  | taking damage. [potion of mutation]
 17400 | Orc:2    | Gained mutation: Your spells are a little harder to cast,
                  | but a little more powerful. [potion of mutation]
 17400 | Orc:2    | Gained mutation: Your flesh is heat resistant. (rF+)
                  | [potion of mutation]
 17436 | Orc:2    | Found Lastryul's Antique Weapon Shoppe.
 17459 | Orc:2    | Found Bariog's Book Emporium.
 17476 | Orc:2    | Found Ilitwo's General Store.
 17540 | Orc:2    | Found Elaodug's Antique Armour Emporium.
 17679 | Orc:2    | Found a staircase to the Elven Halls.
 17994 | D:13     | Identified the +4 falchion "Zekororcho" {protect, *Rage
                  | rF+++ rN+++ Str-5} (Okawaru gifted it to you on level 13 of
                  | the Dungeon)
 17994 | D:13     | Received a gift from Okawaru
 18090 | D:13     | Reached XP level 14. HP: 129/129 MP: 15/15
 18143 | D:13     | Noticed Azrael
 18168 | D:13     | Killed Azrael
 18538 | D:13     | Reached skill level 15 in Armour
 18626 | D:13     | Received a gift from Okawaru
 19004 | Lair:2   | Found a staircase to the Shoals.
 19688 | Lair:3   | Found a staircase to the Snake Pit.
 20984 | D:14     | Received a gift from Okawaru
 21277 | D:14     | Identified the +9 battleaxe of the Wraith {freeze, rF+++
                  | Int-2}
 21277 | D:14     | Noticed a frost giant
 22146 | D:14     | Found a gate to the Vaults.
 22233 | D:14     | Reached skill level 15 in Shields
 22253 | D:14     | Slain by a frost giant

Illustrated notes

Levels and vault maps discovered:
D:1:      dpeg_arrival_rooms_c, layout_basic, serial_shops, shop
D:2:      layout_basic, chequers_ecumenical_altar_lobes, serial_shops, shop,
          nicolae_shop_behind_doors, shop_fountains,
          chequers_serial_rivers_small_a, kennysheep_generic_room_15,
          uniq_natasha
D:3:      layout_loops_corners, general_overflow_altar,
          biasface_ghost_orc_armoury, uniq_terence, uniq_grinder
D:4:      layout_loops_ring, amcnicky_altar_gilded,
          amethyst_overflow_temple_binary
D:5:      layout_cave_pools
D:6:      layout_rooms, serial_shops, nicolae_take_the_stairs, kennysheep_donut,
          minivault_10
D:7:      cheibrodos_statue_roulette, layout_basic,
          minmay_temple_entry_proselytizer
D:8:      layout_cave_pools, lemuel_tele_altar, gammafunk_ghost_arena,
          minmay_chambers_of_fives, uniq_gastronok, uniq_psyche, uniq_maurice
D:9:      layout_loops_ring, old_standard_altar, due_lair_maze_entry_diamond,
          grunt_ministairs_9
D:10:     layout_loops_ring, gammafunk_ghost_spectres
D:11:     layout_layer_cave, st_stairs_11, grunt_ministairs_14,
          nicolae_ru_path_of_blood, uniq_urug, uniq_grum, uniq_sonja,
          uniq_josephine
D:12:     minmay_gate_of_8, layout_long_grid, hiddenorc1_lemuel, uniq_kirke
D:13:     layout_roguey [special_room_bee], minmay_shattered_shrine, uniq_azrael
D:14:     minmay_coctagon, layout_cross, erik_vaults_1, minmay_strange_pillars,
          lemuel_flame_loot_1
Temple:   eino_temple_rhombus
Lair:1:   wander_river, layout_loops_ring, lemuel_fruit_fields,
          grunt_megastairs_1
Lair:2:   layout_long_grid, minmay_shoals_entry_beasts,
          grunt_forest_large_clearing_hut
Lair:3:   layout_big_grid, guppyfry_snake_entry_garden, wad_woods_06,
          infiniplex_staircase_pool
Orc:1:    layout_diamond_mine
Orc:2:    grunt_orc_gardens, layout_caves, grunt_orc_garden, grunt_orc_garden,
          grunt_orc_garden, grunt_orc_garden, lightli_volcano_entry_magma_tube

Skill      XL: |  1  2  3  4  5  6  7  8  9 10 11 12 13 14 |
---------------+-------------------------------------------+-----
Armour         | 4 5 6 8 9 10 12 13 14 15 | 15.3
Shields        | 4 5 6 7 8 9 11 12 15 | 15.0
Fighting       | 4 5 6 7 8 10 11 13 | 13.9
Long Blades    | 3 5 7 9 10 12 14 15 16 | 16.9
Dodging        | 1 2 3 5 6 7 |  7.1
Stealth        | 1 2 3 |  3.1
Invocations    | 1 3 |  3.7
Evocations     | 1 |  1.1

Action                   |  1- 3 |  4- 6 |  7- 9 | 10-12 | 13-15 || total
-------------------------+-------+-------+-------+-------+-------++-------
Melee: Long sword        |    71 |   145 |   292 |   222 |       ||   730
       Headbutt          |     4 |    19 |    65 |   174 |   182 ||   444
       Falchion          |       |       |       |   501 |   107 ||   608
       Scimitar          |       |       |       |       |   435 ||   435
       Double sword      |       |       |       |       |   243 ||   243
Invok: Heroism           |       |       |     4 |    15 |     9 ||    28
       Finesse           |       |       |       |     1 |     1 ||     2
Evoke: Wand              |       |       |       |    10 |     3 ||    13
  Use: Potion            |     1 |       |     1 |     2 |     2 ||     6
       Scroll            |       |     2 |     2 |     9 |     9 ||    22
 Stab: Petrified         |       |       |       |       |     7 ||     7
       Petrifying        |       |       |       |       |     1 ||     1
Armor: Scale mail        |    44 |       |       |       |       ||    44
       Chain mail        |       |    85 |   157 |   397 |   413 ||  1052
Dodge: Dodged            |    41 |    39 |   101 |   258 |   292 ||   731
Block: Buckler           |    19 |    35 |    73 |   219 |    73 ||   419
       Tower shield      |       |       |       |       |   567 ||   567
